 Dungeon Crawl Stone Soup version 0.21.1-1-g345015f (webtiles) character file.

4 glosham the Insei (level 1, -4/9 HPs)
             Began as a Vine Stalker Transmuter on June 3, 2018.
             Killed from afar by cjay27's ghost (6 damage)
             ... with a puff of flame
             ... on level 3 of the Dungeon.
             The game lasted 00:02:41 (67 turns).

glosham the Insei (Vine Stalker Transmuter)           Turns: 67, Time: 00:02:42

Health: -4/9       AC:  2    Str: 12    XL:     1   Next: 60%
Magic:  0/4        EV: 12    Int: 13    God:
Gold:   0          SH:  0    Dex: 14    Spells: 3/4 levels left

rFire    . . .     SeeInvis .     - Unarmed
rCold    . . .     Gourm    .   (no shield)
rNeg     . . .     Faith    .   b - +0 robe
rPois    .         Spirit   +   (no helmet)
rElec    .         Reflect  .   (no cloak)
rCorr    .         Harm     .   (no gloves)
MR       .....                  (no boots)
Stlth    +.........             (no amulet)
HPRegen  0.03/turn              (no ring)
MPRegen  0.09/turn              (no ring)

@: no status effects
A: fangs 2, magic shield, antimagic bite, no potion heal 3, rot immunity
a: no special abilities


You were on level 3 of the Dungeon.
You were not hungry.

You visited 1 branch of the dungeon, and saw 3 of its levels.

Inventory:

Missiles
 a - 12 arrows
Armour
 b - a +0 robe (worn)
Books
 c - a book of Changes

   Spells                             Type                      Level
   a - Beastly Appendage              Transmutation                1
   b - Sticks to Snakes               Transmutation                2
   c - Spider Form                    Transmutation/Poison         3
   d - Ice Form                       Ice/Transmutation            4
   e - Blade Hands                    Transmutation                5
Comestibles
 d - a ration


   Skills:
 - Level 0.8 Fighting
 - Level 1.5 Dodging
 * Level 3.3 Unarmed Combat
 - Level 2.1 Spellcasting
 - Level 2.0 Transmutations


You had 3 spell levels left.
You knew the following spells:

 Your Spells              Type           Power        Failure   Level  Hunger
z - Beastly Appendage     Tmut           #.....       11%         1    ##.....


Dungeon Overview and Level Annotations

Branches:
Dungeon (3/15)

Altars:

Annotations:
D:3 cjay27's ghost, amateur DrFE


Innate Abilities, Weirdness & Mutations

You have extremely sharp teeth.
When hurt, damage is shared between your health and your magic reserves.
Your bite disrupts and absorbs the magic of your enemies.
Potions cannot restore your health.
You are immune to rotting.


Message History

A goblin comes into view.
The kobold throws a stone.
The stone misses you.
Your transformation is almost over.
The kobold completely misses you.
You closely miss the kobold. You headbutt the kobold.
You kill the kobold!
You hit the goblin.
You kill the goblin!
Things that are here:
a stone; a goblin corpse
Found a stone staircase leading down.
Your horns disappear.
There is a stone staircase leading down here.
You climb downwards.
Found 8 gold pieces.
Found two stone staircases leading down.
There is a stone staircase leading up here.
There is a stone staircase leading down here.
You climb downwards.
A leopard gecko, a worm and a player ghost come into view.
The leopard gecko hisses angrily.
Cjay27's ghost turns its malevolent gaze towards you.
There is a stone staircase leading up here.
Cjay27's ghost hits you!
Ouch! That really hurt!
* * * LOW HITPOINT WARNING * * *
You climb upwards.
There is a stone staircase leading down here.
There is a stone staircase leading down here.
You climb downwards.
Level annotation: cjay27's ghost, amateur DrFE
There is a stone staircase leading up here.
Found a scale mail.
An orc comes into view. It is wielding a flail.
You open the door.
There is an open door here.
Cjay27's ghost gestures at you while chanting.
The puff of flame hits you!
Ouch! That really hurt!
You die...

#.##### #...@.#
#####'## #......#
#......#######
............##.#
.........W.....###
###..####...#....#
#..##...#.<..#.#
#..##.#.##...#.#


You could see cjay27's ghost.

Vanquished Creatures
  A goblin (D:1)
  A kobold (D:1)
  A frilled lizard (D:1)
  A rat (D:1)
4 creatures vanquished.

Notes
Turn   | Place    | Note
-------+----------+-------------------------------------------
     0 | D:1      | glosham the Vine Stalker Transmuter began the quest for the Orb.
     0 | D:1      | Reached XP level 1. HP: 9/9 MP: 4/4
    44 | D:3      | Noticed cjay27's ghost (amateur DrFE)
    67 | D:3      | Killed from afar by cjay27's ghost

Action                   || total
-------------------------++-------
Melee: Unarmed           ||     5
       Headbutt          ||     2
       Bite              ||     1
 Cast: Beastly Appendage ||     1
Armor: Robe              ||     1
Dodge: Dodged            ||     2

Table legend:
 A = Turns spent in this place as a percentage of turns spent in the entire game.
 B = Non-inter-level travel turns spent in this place as a percentage of non-inter-level travel turns spent in the entire game.
 C = Inter-level travel turns spent in this place as a percentage of turns spent in this place.
 D = Turns resting spent in this place as a percentage of non-inter-level travel turns spent in this place.
 E = Turns spent auto-exploring this place as a percentage of non-inter-level travel turns spent in this place.
 F = Non-inter-level travel turns spent in this place divided by the number of levels of this place that you've seen.
                   A       B       C       D       E      F
               +-------+-------+-------+-------+-------+----------------------
         Total | 100.0 | 100.0 |   0.0 |   0.0 |   0.0 |  22.3
       Dungeon | 100.0 | 100.0 |   0.0 |   0.0 |   0.0 |  22.3
               +-------+-------+-------+-------+-------+----------------------

Table legend:
 A = Kills in this place as a percentage of kills in entire the game.
 B = Kills by you in this place as a percentage of kills by you in the entire game.
 C = Kills by friends in this place as a percentage of kills by friends in the entire game.
 D = Other kills in this place as a percentage of other kills in the entire game.
 E = Experience gained in this place as a percentage of experience gained in the entire game.
 F = Experience gained in this place divided by the number of levels of this place that you have seen.
                   A       B       C       D       E      F
               +-------+-------+-------+-------+-------+----------------------
         Total | 100.0 | 100.0 |   N/A |   N/A | 100.0 |   2.0
       Dungeon | 100.0 | 100.0 |   N/A |   N/A | 100.0 |   2.0
               +-------+-------+-------+-------+-------+----------------------

Vault maps used:
D:1:      dpeg_arrival_simpleton_c
D:2:      chequers_temple_overflow_minitemple
D:3:      palyth_stone_intersect, okawaru_metal_pillars_1_2
